 Dungeon Crawl Stone Soup version 0.19-a0-1498-g0b85ae9 (webtiles) character file.

1304 roguesci the Skirmisher (level 8, 0/63 HPs)
             Began as a Demonspawn Fighter on Sept 10, 2016.
             Was a Follower of Trog.
             Slain by Prince Ribbit (10 damage)
             ... on level 5 of the Dungeon.
             The game lasted 00:10:44 (5967 turns).

roguesci the Skirmisher (Demonspawn Fighter)        Turns: 5967, Time: 00:10:45

Health: 0/63       AC: 16    Str: 20 (22) XL:     8   Next: 31%
Magic:  10/10      EV:  5    Int:  9 (10) God:    Trog [*.....]
Gold:   262        SH: 10    Dex: 12 (14) Spells: 0 memorised, 10 levels left

rFire  + . .     SeeInvis .     a - +0 long sword
rCold  . . .     Gourm    .     r - +0 plate armour {rPois}
rNeg   . . .     Faith    .     c - +0 shield
rPois  +         Spirit   .     (helmet restricted)
rElec  .         Dismiss  .     (no cloak)
rCorr  .         Reflect  .     (no gloves)
MR     +....     Harm     .     q - +2 pair of boots {Fly}
Stlth  ..........               (no amulet)
                                x - ring of protection from fire
                                g - ring of poison resistance

@: mighty
A: antennae 2, claws 1, blink, magic resistance 1, poison resistance, powered by
death 1, powered by pain 1, shaggy fur 1, MP-powered wands
a: Blink, Berserk, Burn Spellbooks, Renounce Religion, Evoke Flight


You were on level 5 of the Dungeon.
You worshipped Trog.
Trog was aware of your devotion.
You were not hungry.

You visited 1 branch of the dungeon, and saw 5 of its levels.

You collected 262 gold pieces.

Inventory:

Hand Weapons
 a - a +0 long sword (weapon)
Armour
 b - a +0 scale mail
 c - a +0 shield (worn)
 j - a +0 helmet
 q - a +2 pair of boots of flying (worn)
 r - a +0 plate armour of poison resistance (worn)
Jewellery
 d - an uncursed ring of flight {unknown}
 e - the ring "Juotut" {Wiz Dex+4, unknown}
   (You found it on level 5 of the Dungeon)

   [ring of wizardry]

   It improves your spell success rate.
   It affects your dexterity (+4).
 g - a ring of poison resistance (left claw)
 x - a ring of protection from fire (right claw)
Wands
 h - a wand of polymorph (10/24)
Scrolls
 i - 8 scrolls of remove curse {unknown}
 k - a scroll of enchant weapon {unknown}
 l - a scroll of recharging {unknown}
 n - a scroll of blinking {unknown}
 o - a scroll of teleportation {unknown}
 w - a scroll of identify {unknown}
Potions
 s - a potion of berserk rage {unknown}
 u - a potion of haste {unknown}
 v - a potion of cure mutation {unknown}
 z - a potion of lignification {unknown}
 B - 2 potions of invisibility {unknown}
Comestibles
 f - 2 bread rations


   Skills:
 * Level 5.4 Fighting
 * Level 4.5 Long Blades
 * Level 5.0 Armour
 + Level 2.9 Dodging
 * Level 4.8 Shields
 - Level 1.7 Spellcasting


You had 10 spell levels left.
You didn't know any spells.

Dungeon Overview and Level Annotations

Branches:
Dungeon (5/15)
 Temple: D:4-7

Altars:
Dithmenos
Elyvilon
Qazlal
Ru
Trog

Annotations:
D:5 1 runed door, Prince Ribbit


Innate Abilities, Weirdness & Mutations

You have a pair of antennae on your head.
You have sharp fingernails.
You regenerate a little health from kills.
You sometimes gain a little power by taking damage.
You can translocate small distances at will.
You are resistant to hostile enchantments. (MR+)
Your system is resistant to poisons. (rPois)
You are covered in fur. (AC +1)
You expend magic power (3 MP) to strengthen your wands.


Message History

You are too injured to fight recklessly!
You are too injured to fight recklessly!
You are too injured to fight recklessly!
You are too injured to fight recklessly!
You are too injured to fight recklessly!
You are too injured to fight recklessly!
You are too injured to fight recklessly!
You are too injured to fight recklessly!
You are too injured to fight recklessly!
You are too injured to fight recklessly!
You are too injured to fight recklessly!
You feel very mighty all of a sudden. You block Prince Ribbit's attack.
Prince Ribbit barely misses you.
You riposte.
You slash Prince Ribbit!
Prince Ribbit is severely wounded.
You hit Prince Ribbit.
Prince Ribbit is severely wounded.
Prince Ribbit casts a spell.
Prince Ribbit looks slightly unstable.
Prince Ribbit hits you!
You die...

######## #......# #####
#......# #.... # #......#
####.### #. #......#
#.....#
####.###......######.....#
#..$....#.....##.........#
#.?.....#.....##.........#
#........F@....'.........##
#.......#.....##....#######
#.......#.....##....# #
#.......#.....##....#######
#.......########....(......
######### #...........
#........... #####.......
#.......


You could see Prince Ribbit.

Vanquished Creatures
  An ice beast (D:4)
  A sky beast (D:5)
  An eye of draining (D:4)
  A centaur (D:5)
  2 scorpions (D:5)
  The ghost of vible the Charmwright, a weakling HESk of Zin (D:3)
  A howler monkey (D:4)
  A crimson imp (D:5)
  A giant frog zombie (D:5)
  A giant frog skeleton (D:5)
  An orc priest (D:4)
  2 hounds
  5 orc wizards
  3 worker ants
  Ijyb (D:3)
  Natasha (thrice) (D:4)
  3 iguanas
  A gnoll (D:4)
  7 adders
  A shadow imp (D:5)
  An ooze (D:2)
  4 adder skeletons
  2 worms
  4 giant geckos
  17 orcs
  2 ball pythons
  4 bats (D:3)
  7 giant cockroaches
  7 goblins
  5 hobgoblins
  7 kobolds
  A quokka (D:5)
  3 giant gecko skeletons
  5 giant newts
  A quokka zombie (D:5)
  7 rats
115 creatures vanquished.

Notes
Turn   | Place    | Note
-------+----------+-------------------------------------------
     0 | D:1      | roguesci the Demonspawn Fighter began the quest for the Orb.
     0 | D:1      | Reached XP level 1. HP: 18/18 MP: 1/1
   244 | D:1      | Gained mutation: You have a pair of small antennae on your head. [demonic ancestry]
   244 | D:1      | Reached XP level 2. HP: 18/24 MP: 2/2
  1351 | D:2      | Gained mutation: You regenerate a little health from kills. [demonic ancestry]
  1351 | D:2      | Reached XP level 3. HP: 8/29 MP: 3/3
  2096 | D:3      | Found a sacrificial altar of Ru.
  2116 | D:3      | Found a stormy altar of Qazlal.
  2217 | D:3      | Reached XP level 4. HP: 26/35 MP: 4/4
  2222 | D:3      | Noticed vible's ghost (weakling HESk)
  2244 | D:3      | Killed vible's ghost
  2244 | D:3      | Reached skill level 1 in Dodging
  2419 | D:3      | Noticed Ijyb
  2447 | D:3      | Killed Ijyb
  2449 | D:3      | Gained mutation: You have sharp fingernails. [demonic ancestry]
  2449 | D:3      | Reached XP level 5. HP: 40/41 MP: 5/5
  2981 | D:4      | Noticed an ice beast
  2999 | D:4      | Killed an ice beast
  2999 | D:4      | Reached skill level 1 in Spellcasting
  2999 | D:4      | Gained mutation: You have a pair of antennae on your head. [demonic ancestry]
  2999 | D:4      | Reached XP level 6. HP: 14/48 MP: 7/7
  3957 | D:4      | Gained mutation: You sometimes gain a little power by taking damage. [demonic ancestry]
  3957 | D:4      | Reached XP level 7. HP: 55/55 MP: 9/9
  4095 | D:4      | Found a shadowy altar of Dithmenos.
  4130 | D:4      | Noticed Natasha
  4142 | D:4      | Killed Natasha
  4188 | D:4      | Noticed Natasha
  4205 | D:4      | Killed Natasha
  4362 | D:4      | Noticed Natasha
  4398 | D:4      | Killed Natasha
  4457 | D:4      | Found a bloodstained altar of Trog.
  4555 | D:4      | Became a worshipper of Trog the Wrathful
  4812 | D:5      | Entered Level 5 of the Dungeon
  4886 | D:5      | Noticed Prince Ribbit
  4929 | D:5      | Reached skill level 5 in Fighting
  5126 | D:5      | Found a runed door.
  5304 | D:5      | Gained mutation: You occasionally shout uncontrollably at your foes. [potion of mutation]
  5304 | D:5      | Gained mutation: You expend magic power (3 MP) to strengthen your wands. [potion of mutation]
  5304 | D:5      | Gained mutation: Your spells are a little easier to cast, but a little less powerful. [potion of mutation]
  5305 | D:5      | Gained mutation: Your system is resistant to poisons. (rPois) [potion of mutation]
  5305 | D:5      | Gained mutation: You can translocate small distances at will. [potion of mutation]
  5310 | D:5      | Reached * piety under Trog
  5310 | D:5      | Reached XP level 8. HP: 7/62 MP: 10/10
  5319 | D:5      | Gained mutation: You are resistant to hostile enchantments. (MR+) [mutagenic meat]
  5322 | D:5      | Lost mutation: You occasionally shout uncontrollably at your foes. [mutagenic meat]
  5354 | D:5      | Lost mutation: Your spells are a little easier to cast, but a little less powerful. [mutagenic meat]
  5357 | D:5      | Gained mutation: You are covered in fur. (AC +1) [mutagenic meat]
  5642 | D:5      | Got a glittering pewter ring
  5770 | D:5      | Found a white marble altar of Elyvilon.
  5858 | D:5      | Reached skill level 5 in Armour
  5967 | D:5      | Slain by Prince Ribbit

Vault maps used:
D:1:      dpeg_arrival_long_road, serial_aquarium, aquarium_bridge_straight,
          aquarium_window_fake, aquarium_window_double, aquarium_window_corner,
          aquarium_view_2b, aquarium_view_2b
D:3:      nicolae_overflow_hidden_temple, nicolae_qazlal_general_emergency,
          first_bread, kennysheep_generic_room_14, uniq_iyjb
D:4:      trog_eyes_of_draining, nicolae_dithmenos_through_a_glass_darkly,
          solitary_fountain, uniq_natasha
D:5:      elyvilon_altar_5, uniq_prince_ribbit1, uniq_crazy_yiuf_cottage

Skill      XL: |  1  2  3  4  5  6  7  8 |
---------------+-------------------------+-----
Long Blades    | 2 3 4 |  4.5
Shields        | 3 4 |  4.8
Armour         | 3 4 5 |  5.0
Dodging        | 1 2 |  2.9
Fighting       | 4 5 |  5.4
Spellcasting   | 1 |  1.7

Action                   |  1- 3 |  4- 6 |  7- 9 || total
-------------------------+-------+-------+-------++-------
Melee: Long sword        |   178 |   322 |   382 ||   882
 Abil: Stop Flying       |     1 |       |       ||     1
  Use: Potion            |       |     2 |     9 ||    11
  Eat: Chunk             |     1 |     3 |     6 ||    10
       Bread ration      |     1 |       |     1 ||     2
       Beef jerky        |     1 |       |       ||     1
       Fruit             |       |       |     1 ||     1
       Pizza             |       |       |     1 ||     1
Armor: Scale mail        |    16 |       |       ||    16
       Plate armour      |   105 |   228 |   261 ||   594
Dodge: Dodged            |    30 |    44 |    44 ||   118
Block: Shield            |    97 |   159 |   215 ||   471
